Map: Blackpink LE

Players

Entropia

  • Race: Terran Terran
  • League: Diamond
  • Spawn Location: 7:00

rafapras - Winner!

  • Race: Protoss Protoss
  • League: Diamond
  • Spawn Location: 1:00

VOD

Have the link to the VOD?

Description

Time

  • Played on: Dec. 1, 2017, 8:04 p.m.
  • Length: 17:50
Show
View Real Time Build Order
Export as new Build Order

Entropia Terran 

Build Orders: Cyclone Opening, MMM Bio 

Get SALT Encoding   

  12  0:00  SCV  
  13  0:13  SCV  
  14  0:19  Supply Depot  
  14  0:25  SCV  
  15  0:33  Refinery  
  15  0:40  SCV  
  16  0:45  Barracks  
  16  0:52  SCV  
  17  1:04  SCV  
  18  1:17  SCV  
  19  1:24  Supply Depot  
  19  1:29  SCV  
  20  1:33  Marine  
  21  1:42  Orbital Command  
  21  1:58  Factory  
  21  2:16  Engineering Bay  
  21  2:17  Marine  
  22  2:28  Command Center  
  22  2:36  SCV  
  23  2:40  Marine  
  24  2:46  Cyclone  
  27  2:54  Missile Turret  
  27  2:58  Marine  
  28  3:06  Supply Depot  
  28  3:13  Bunker  
  28  3:20  Cyclone  
  31  3:27  SCV, Marine  
  31  3:29  Supply Depot  
  31  3:34  Refinery  
  33  3:43  Starport  
  33  4:00  SCV  
  33  4:02  Orbital Command  
  34  4:08  Barracks  
  33  4:16  Barracks Tech Lab  
  33  4:17  Cyclone  
  36  4:36  Orbital Command  
  36  4:40  Barracks  
  36  4:41  Barracks  
  36  4:43  SCV  
  36  4:44  Liberator  
  37  4:48  Stimpack  
  37  4:55  SCV  
  38  5:02  SCV  
  42  5:19  Factory Tech Lab  
  42  5:24  Barracks Reactor  
  42  5:26  SCV  
  42  5:27  SCV  
  44  5:38  SCV  
  44  5:39  SCV, Barracks Tech Lab, Barracks Reactor  
  46  5:45  Barracks  
  46  5:50  SCV  
  46  5:51  SCV  
  46  5:55  Supply Depot  
  46  5:56  Supply Depot, Terran Infantry Weapons Level 1  
  48  5:57  Supply Depot  
  48  6:02  SCV  
  48  6:03  SCV  
  50  6:08  Refinery  
  50  6:10  Refinery  
  50  6:14  SCV  
  51  6:19  Command Center  
  51  6:22  Marine x3  
  51  6:24  SCV  
  55  6:27  SCV  
  56  6:41  SCV x2  
  56  6:46  Starport Reactor  
  55  6:48  Combat Shields, Marine x2, Marauder  
  55  6:49  Marauder  
  55  6:53  SCV  
  55  6:54  SCV  
  63  6:56  Marine x2  
  63  6:59  Barracks Reactor  
  65  7:03  Siege Tank  
  65  7:06  SCV x2, Marine x2  
  72  7:12  Supply Depot x2  
  72  7:18  SCV x2  
  72  7:21  Medivac x2  
  78  7:23  Marine x2  
  80  7:30  SCV  
  80  7:32  Sensor Tower  
  80  7:36  Supply Depot  
  81  7:39  Supply Depot  
  81  7:42  Marine x2  
  81  7:43  Marauder  
  85  7:49  SCV  
  85  7:50  SCV  
  87  7:51  Medivac  
  87  7:53  Orbital Command  
  89  8:01  SCV  
  89  8:02  SCV, Marauder  
  93  8:09  Siege Tank  
  96  8:13  SCV  
  96  8:15  Missile Turret  
  97  8:23  Marine x2  
  97  8:24  Marine x4, Marauder  
  97  8:25  Marine  
  106  8:33  Medivac  
  108  8:41  Marine x3, Siege Tank  
  111  8:42  Marine x3  
  111  8:43  Marauder  
  111  8:45  Marauder  
  111  8:47  Terran Infantry Armor Level 1  
  120  8:51  Armory  
  120  8:59  Marine  
  121  9:03  Marine x3  
  121  9:05  Marauder  
  121  9:06  Marauder  
  121  9:09  Marine  
  128  9:23  Marine x3  
  131  9:26  Marauder  
  133  9:32  Supply Depot  
  133  9:33  Supply Depot  
  132  9:52  Marine  
  132  9:53  Marine  
  132  9:54  Marauder x2  
  138  10:00  Marine x4  
  141  10:08  Liberator  
  141  10:15  Marauder x2  
  141  10:16  Liberator  
  141  10:19  Marine x3  
  141  10:20  Marine  
  149  10:22  Marine  
  149  10:23  Marine  
  149  10:25  SCV  
  149  10:26  Siege Tank  
  149  10:53  Marine x3  
  149  10:54  Marauder  
  149  11:01  Sensor Tower  
  149  11:03  Refinery  
  149  11:05  Refinery  
  149  11:22  Supply Depot  
  149  11:23  Supply Depot  
  149  11:24  Supply Depot  
  149  11:34  Command Center  
  149  11:43  Marine x3  
  149  11:44  SCV x3, Marine x3, Viking x2  
  149  11:45  Marauder  
  149  11:46  Marauder  
  166  11:50  Supply Depot  
  166  11:51  Barracks  
  166  11:56  SCV x3  
  166  11:58  Siege Tank  
  172  12:01  Marine  
  173  12:12  SCV x3, Marine x3, Marauder  
  181  12:19  Marine  
  181  12:23  Barracks  
  181  12:39  Barracks  
  181  12:46  SCV x3, Marine x4, Marauder x2, Viking x2  
  196  12:58  Terran Infantry Weapons Level 2  
  196  13:20  Marine  
  196  13:21  SCV, Marine x3  
  196  13:22  Marine x2  
  196  13:23  Marauder x2  
  196  13:24  Viking x2  
  196  13:25  Siege Tank  
  159  13:38  Marine  
  143  13:42  Marine x2  
  143  13:43  Marine x3  
  143  13:45  Marauder x2  
  130  13:54  Viking x2  
  134  13:57  Siege Tank  
  134  14:02  Marine x4  
  139  14:06  SCV, Marauder x2  
  146  14:11  Barracks Reactor x3  
  146  14:12  SCV  
  141  14:24  Medivac, Viking  
  141  14:27  Marauder  
  141  14:28  Marauder  
  141  14:29  Marine, Siege Tank  
  141  14:30  Marine x5  
  151  14:47  Marine x2  
  151  14:48  Planetary Fortress  
  151  14:49  Marauder x2  
  151  14:52  Marine x3  
  160  14:54  Medivac x2  
  164  15:01  Siege Tank  
  164  15:06  Marine x2  
  169  15:10  Marauder x2  
  173  15:18  Marine x3  
  173  15:19  Marine  
  177  15:24  Viking x2  
  181  15:32  Marauder x2  
  181  15:33  Siege Tank  
  188  15:38  Marine x4  
  188  15:39  Marine x4  
  196  15:47  Supply Depot  
  196  15:48  Marine  
  196  15:49  Marine x2  
  196  15:50  Marine  
  196  15:54  Medivac  
  196  15:55  Medivac, Marauder x2  
  196  15:56  Marine x5  
  188  15:57  Marine  
  188  16:02  Marine x2  
  162  16:06  Marine x2  
  162  16:07  Marine  
  162  16:08  Marine  
  149  16:14  Marine x5  
  149  16:15  Marine  
  149  16:16  Marauder  
  149  16:17  Marauder  
  137  16:19  Marine  
  137  16:20  Marine  
  137  16:23  Marine  
  137  16:24  Marine x2, Viking  
  137  16:25  Viking  
  144  16:26  Marine  
  144  16:31  Marine  
  144  16:32  Marine x4  
  150  16:35  Marine, Missile Turret  
  150  16:36  Siege Tank  
  150  16:37  Marine x2, Missile Turret  
  150  16:38  Marauder x2  
  150  16:39  Missile Turret  
  160  16:40  Missile Turret  
  160  16:41  Marine  
  160  16:42  Marine x2  
  163  16:50  Marine x2  
  163  16:51  Marine  
  163  16:54  Viking x2  
  168  16:59  Marine x5, Marauder x2  
  179  17:12  Marine x2  
  181  17:21  Marauder x2  
  175  17:25  Marine x5  
  175  17:26  Marine  
Show
View Real Time Build Order
Export as new Build Order

rafapras Protoss - Winner!

Build Orders:  

Get SALT Encoding   

  12  0:02  Probe  
  14  0:14  Probe  
  14  0:18  Pylon  
  14  0:26  Probe  
  15  0:38  Gateway  
  15  0:41  Probe  
  16  0:50  Assimilator  
  16  0:53  Probe (Chrono Boost)  
  18  1:05  Probe (Chrono Boost)  
  18  1:09  Probe (Chrono Boost)  
  19  1:17  Assimilator  
  19  1:19  Probe  
  20  1:26  Cybernetics Core  
  20  1:30  Pylon  
  20  1:31  Probe  
  20  2:06  Adept  
  20  2:07  Nexus  
  22  2:15  Warp Gate (Chrono Boost)  
  22  2:20  Assimilator  
  22  2:28  Gateway  
  22  2:29  Probe (Chrono Boost)  
  24  2:40  Probe (Chrono Boost)  
  24  2:43  Probe  
  25  2:55  Probe  
  25  2:56  Robotics Facility  
  26  3:07  Probe  
  27  3:19  Probe (Chrono Boost)  
  29  3:27  Probe (Chrono Boost)  
  29  3:31  Probe (Chrono Boost)  
  29  3:34  Pylon  
  31  3:38  Probe (Chrono Boost)  
  31  3:39  Probe x2 (Chrono Boost)  
  33  3:44  Observer  
  33  3:45  Probe  
  35  3:49  Probe  
  36  3:58  Probe  
  36  4:01  Probe  
  38  4:03  Shield Battery  
  38  4:06  Immortal  
  42  4:10  Probe  
  42  4:13  Probe  
  44  4:21  Stalker  
  44  4:22  Probe, Stalker  
  49  4:25  Probe  
  49  4:30  Shield Battery  
  50  4:34  Probe  
  50  4:35  Robotics Bay  
  50  4:36  Assimilator  
  50  4:37  Probe  
  52  4:40  Assimilator  
  52  4:43  Pylon  
  52  4:46  Probe  
  52  4:49  Probe  
  54  4:56  Pylon  
  54  5:01  Probe  
  54  5:02  Probe  
  56  5:09  Stalker  
  56  5:10  Stalker  
  56  5:13  Probe  
  56  5:14  Probe  
  62  5:17  Immortal (Chrono Boost)  
  66  5:25  Probe  
  66  5:26  Probe  
  68  5:29  Forge  
  68  5:35  Forge  
  68  5:46  Twilight Council  
  68  5:49  Shield Battery  
  68  5:52  Extended Thermal Lance  
  68  5:53  Protoss Ground Weapons Level 1 (Chrono Boost)  
  68  5:54  Gateway  
  68  5:58  Gateway  
  68  5:59  Pylon  
  68  6:01  Protoss Ground Armor Level 1 (Chrono Boost), Pylon  
  68  6:16  Colossus  
  71  6:26  Stalker x2  
  74  6:36  Probe  
  74  6:39  Probe  
  76  6:53  Charge (Chrono Boost)  
  76  7:08  Nexus, Stargate  
  76  7:16  Pylon  
  76  7:20  Pylon  
  77  7:22  Probe  
  77  7:23  Probe, Assimilator  
  77  7:24  Zealot x4  
  77  7:26  Assimilator  
  86  7:33  Colossus (Chrono Boost)  
  86  7:35  Protoss Ground Armor Level 2 (Chrono Boost)  
  92  7:39  Protoss Ground Weapons Level 2 (Chrono Boost), Pylon  
  92  7:40  Pylon  
  92  7:52  Gateway  
  92  7:55  Gateway, Probe x2  
  94  8:07  Probe, Void Ray  
  94  8:08  Probe  
  99  8:19  Probe  
  100  8:20  Probe  
  100  8:23  Probe  
  102  8:27  Zealot x2  
  102  8:28  Zealot x2  
  102  8:31  Colossus  
  102  8:32  Probe  
  111  8:37  Probe  
  111  8:38  Probe  
  119  8:55  Stargate  
  119  8:57  Fleet Beacon  
  119  9:08  Zealot x3  
  125  9:20  Stalker  
  125  9:21  Stalker x2  
  131  9:28  Protoss Air Weapons Level 1  
  131  9:36  Zealot  
  133  9:39  Void Ray  
  131  9:58  Probe  
  131  10:00  Zealot  
  131  10:02  Immortal  
  128  10:14  Pylon  
  128  10:16  Pylon  
  128  10:18  Pylon  
  120  10:27  Zealot x3  
  120  10:28  Zealot  
  124  10:29  Zealot  
  124  10:31  Nexus  
  124  10:33  Stalker  
  124  10:35  Probe x3  
  127  10:47  Probe x2  
  127  10:48  Probe  
  126  10:54  Pylon  
  125  10:59  Probe, Tempest  
  125  11:00  Probe, Templar Archives  
  125  11:01  Probe  
  134  11:04  Pylon  
  134  11:12  Probe (Chrono Boost)  
  137  11:21  Probe (Chrono Boost)  
  137  11:23  Probe x2 (Chrono Boost)  
  137  11:24  Probe (Chrono Boost)  
  140  11:31  Tempest  
  147  11:35  Probe x2 (Chrono Boost)  
  147  11:38  Probe x2  
  149  11:41  Probe  
  150  11:48  Probe  
  150  11:50  Probe  
  152  11:55  Shield Battery  
  152  11:57  High Templar x3, Shield Battery  
  152  11:58  High Templar  
  160  12:02  Protoss Ground Weapons Level 3  
  160  12:06  Protoss Shields Level 1  
  160  12:11  Psionic Storm  
  160  12:15  Probe  
  160  12:17  Probe  
  160  12:18  Probe  
  160  12:20  Probe  
  164  12:27  Probe, Assimilator  
  164  12:29  Probe, Assimilator  
  166  12:33  Pylon  
  166  12:42  Tempest  
  172  12:51  Tempest  
  178  13:07  Probe x3  
  181  13:13  Shield Battery  
  181  13:15  Shield Battery  
  181  13:16  Shield Battery  
  179  13:24  Archon x2  
  154  13:33  Zealot x2  
  154  13:34  Zealot x4  
  96  13:56  High Templar x3  
  96  13:57  High Templar x3  
  96  14:00  Colossus  
  114  14:03  Tempest  
  114  14:06  Archon x3  
  107  14:46  Probe x2  
  107  14:51  Protoss Shields Level 2, Protoss Ground Armor Level 3  
  109  14:53  Colossus  
  109  14:54  Nexus  
  109  14:56  High Templar x4  
  123  15:01  Archon  
  123  15:02  Archon  
  123  15:03  Probe x3  
  126  15:15  Probe x3  
  126  15:18  Protoss Air Weapons Level 2  
  129  15:27  Probe x3  
  132  15:29  Pylon  
  132  15:39  Probe x2  
  132  15:40  Probe  
  100  16:08  Zealot x4  
  100  16:09  Zealot x2  
  88  16:20  Colossus  
  88  16:24  Probe (Chrono Boost)  
  98  16:29  Probe x2 (Chrono Boost)  
  98  16:32  Probe (Chrono Boost)  
  99  16:36  Probe (Chrono Boost)  
  99  16:37  Probe x3 (Chrono Boost)  
  102  16:40  High Templar x2  
  102  16:41  High Templar x4  
  102  16:46  Probe  
  115  16:48  Pylon  
  115  16:50  Archon x3  
  115  16:51  Probe  
  110  17:02  Nexus  
  110  17:03  Probe  
  108  17:26  Probe  
  108  17:28  Probe x3  
Tags
 
Composition
MMM Bio
Matchup
PvT
Spawn Locations
Cross Positions
Add a new tag
Caveats
  • Supply blocks, unpowered buildings, or Contaminate may cause inaccurate times.
  • Supply counts are checked every 10 seconds.